 Dungeon Crawl Stone Soup version 0.25.1-2-g60ff931 (webtiles) character file.

Game seed: 11950426743263546703

315 dan0san the Chopper (level 6, -1/56 HPs)
             Began as a Minotaur Berserker on Aug 29, 2020.
             Was a Priest of Trog.
             Slain by an orc priest
             ... wielding a +0 club
              (2 damage)
             ... on level 4 of the Dungeon.
             The game lasted 00:32:11 (5073 turns).

dan0san the Chopper (Minotaur Berserker)            Turns: 5073, Time: 00:32:12

Health: -1/56      AC:  5    Str: 24    XL:     6   Next: 20%
Magic:  4/4        EV: 11    Int:  4    God:    Trog [***...]
Gold:   190        SH:  0    Dex: 11    Spells: 5/5 levels left

rFire    . . .     SeeInvis .   A - +1 halberd (freeze)
rCold    + . .     Gourm    .   (shield currently unavailable)
rNeg     . . .     Faith    .   n - +0 scale mail
rPois    .         Spirit   .   (helmet restricted)
rElec    .         Reflect  .   C - +0 cloak
rCorr    .         Harm     .   (no gloves)
MR       .....                  (no boots)
Stlth    +.........             (no amulet)
HPRegen  0.18/turn              (no ring)
MPRegen  0.09/turn              (no ring)

@: no status effects
A: retaliatory headbutt, horns 2, thin skeletal structure 1, cold resistance 1,
deformed body, low mp 1
a: Berserk, Trog's Hand, Renounce Religion


You were on level 4 of the Dungeon.
You worshipped Trog.
Trog was most pleased with you.
You were not hungry.

You visited 1 branch of the dungeon, and saw 4 of its levels.

You collected 190 gold pieces.

Inventory:

Hand Weapons
 a - a +1 hand axe
 d - a +0 dagger
 m - a +2 dagger of venom
 u - a +0 short sword of venom
 x - a +0 flail
 A - a +1 halberd of freezing (weapon)
 B - a +1 vampiric dagger
 D - a +0 trident
 E - a +2 dagger of venom
 G - a +0 spear
Missiles
 f - 118 stones
 l - 7 poisoned darts (quivered)
Armour
 b - a +0 animal skin
 k - a +1 helmet of see invisible
 n - a +0 scale mail (worn)
 v - a +0 ring mail
 y - a +0 ring mail
 C - a +0 cloak (worn)
Jewellery
 j - a cursed ring of protection from cold {unknown}
Scrolls
 e - a scroll of magic mapping {unknown}
 h - a scroll of remove curse {unknown}
 i - a scroll of teleportation {unknown}
 o - a scroll of amnesia {unknown}
 q - a scroll of identify {unknown}
 r - a scroll of fog {unknown}
 t - a scroll of random uselessness {unknown}
 F - a scroll of enchant weapon
Potions
 g - 2 potions of mutation
 p - a potion of degeneration {unknown}
 s - a potion of brilliance {unknown}
 w - a potion of magic {unknown}
 z - a potion of haste {unknown}
Comestibles
 c - 7 rations
 H - 2 chunks of flesh


   Skills:
 + Level 5.1 Fighting
 + Level 5.6 Axes
 + Level 1.9 Throwing
 + Level 4.2 Armour
 + Level 2.7 Dodging
 + Level 0.6 Stealth


You had 5 spell levels left.
You didn't know any spells.
Your spell library was empty.

Dungeon Overview and Level Annotations

Branches:
Dungeon (4/15)             Temple (0/1) D:4

Altars:
Cheibriados
Okawaru
Xom


Innate Abilities, Weirdness & Mutations

You reflexively headbutt those who attack you in melee.
You have a pair of horns on your head.
You have a somewhat thin skeletal structure. (Dex +2, Stealth)
Your flesh is cold resistant. (rC+)
Armour fits poorly on your strangely shaped body.
Your magical capacity is low. (-10% MP)


Message History

The giant cockroach bites you.
The giant cockroach bites you but does no damage.
The giant cockroach barely misses you.
The giant cockroach bites you but does no damage.
You see here an adder skeleton.
The giant cockroach closely misses you. You furiously retaliate!
You headbutt the giant cockroach!
You kill the giant cockroach!
Trog accepts your kill.
The orc priest calls down the wrath of Beogh upon you.
Beogh smites you!
* * * LOW HITPOINT WARNING * * *
The orc priest calls down the wrath of Beogh upon you.
Pain shoots through your body!
* * * LOW HITPOINT WARNING * * *
The orc priest invokes the aid of Beogh against you.
Beogh smites you!
* * * LOW HITPOINT WARNING * * *
The orc priest hits you with a +0 club.
You die...

#....##.# ## #>##.#
####. ..##.# ##.##.
#.##.# ##.#.o. #.##.#
###.#.#.# #.##.###
#.o..###. #..o...#
#.#.#.# #
#######.o###.###รท##.#.#
#.....>@.# #...o.# #..#
#.######.###.###### #.#
#...........# .#
############. . #


You could see an orc priest and an orc.

Vanquished Creatures
  A bullfrog (D:3)
  Natasha (twice) (D:2 D:1)
  An orc wizard (D:3)
  2 gnolls (D:4)
  7 adders
  An ooze (D:3)
  2 worms (D:2)
  2 dart slugs (D:1)
  3 leopard geckos
  8 orcs (D:3)
  A ball python (D:2)
  6 bats
  2 giant cockroaches
  5 goblins
  6 hobgoblins
  6 jackals
  10 kobolds
  A quokka (D:3)
  4 frilled lizards
  A jackal skeleton (D:4)
  9 rats
80 creatures vanquished.

Notes
Turn   | Place    | Note
-------+----------+-------------------------------------------
     0 | D:1      | dan0san the Minotaur Berserker began the quest for the Orb.
     0 | D:1      | Reached XP level 1. HP: 19/19 MP: 0/0
   339 | D:1      | Reached XP level 2. HP: 27/27 MP: 1/1
  1312 | D:2      | Reached XP level 3. HP: 28/34 MP: 2/2
  1665 | D:2      | Noticed Natasha
  1670 | D:2      | Reached ** piety under Trog
  1700 | D:2      | Gained mutation: Armour fits poorly on your strangely
                  | shaped body. [potion of mutation]
  1700 | D:2      | Gained mutation: You have a somewhat thin skeletal
                  | structure. (Dex +2, Stealth) [potion of mutation]
  1700 | D:2      | Gained mutation: Your magical capacity is low. (-10% MP)
                  | [potion of mutation]
  1700 | D:2      | Gained mutation: Your flesh is cold resistant. (rC+)
                  | [potion of mutation]
  1704 | D:2      | Killed Natasha
  1704 | D:2      | Reached XP level 4. HP: 7/41 MP: 2/2
  1766 | D:1      | HP: 2/41 [goblin/+0 dagger (3)]
  2169 | D:2      | Noticed Natasha
  2196 | D:1      | Killed Natasha
  2196 | D:1      | Reached skill level 1 in Throwing
  2666 | D:2      | Found a shimmering altar of Xom.
  3385 | D:3      | Reached XP level 5. HP: 47/47 MP: 3/3
  3621 | D:3      | Reached skill level 5 in Axes
  3627 | D:3      | Found an iron altar of Okawaru.
  3654 | D:3      | Reached *** piety under Trog
  3904 | D:3      | Reached skill level 5 in Fighting
  3904 | D:3      | Reached XP level 6. HP: 47/56 MP: 4/4
  4025 | D:3      | Found a snail-covered altar of Cheibriados.
  5037 | D:4      | Found a staircase to the Ecumenical Temple.
  5071 | D:4      | HP: 1/56 [orc priest/divine providence (7)]
  5073 | D:4      | Slain by an orc priest

Illustrated notes

Levels and vault maps discovered:
D:1:      heliophobic_arrival_glass_houses, layout_basic
D:2:      layout_basic, overflow_temple_1_default, uniq_natasha
D:3:      layout_rooms, okawaru_trees_1, marbit_many_paths, serial_curves,
          eino_curves_02, eino_curves_01, eino_curves_04, eino_curves_04
D:4:      layout_loops_ring, overflow_temple_1_default,
          minmay_temple_entry_large_hall, first_ration

Skill      XL: |  1  2  3  4  5 |
---------------+----------------+-----
Fighting       | 4 5 |  5.1
Axes           | 4 5 |  5.6
Armour         | 3 4 |  4.2
Throwing       | 1 |  1.9
Dodging        | |  2.7
Stealth        | |  0.6

Action                   |  1- 3 |  4- 6 || total
-------------------------+-------+-------++-------
Melee: Hand axe          |    63 |    91 ||   154
       Headbutt          |     6 |    15 ||    21
       Halberd           |       |     5 ||     5
Throw: Dart              |    13 |    39 ||    52
       Stone             |       |     1 ||     1
Invok: Berserk           |     1 |     3 ||     4
  Use: Potion            |     1 |     1 ||     2
       Scroll            |       |     1 ||     1
  Eat: Ration            |     1 |     2 ||     3
       Chunk             |       |     7 ||     7
Armor: Animal skin       |     2 |       ||     2
       Scale mail        |    17 |    37 ||    54
Dodge: Dodged            |    39 |    88 ||   127
